 Dungeon Sprint DCSS version 0.30-a0-953-g5f1da4a474 (webtiles) character file.

Game seed: 8605735953638460599

109 dialectric the Trooper (level 4, 0/40 HPs)
             Began as a Demonspawn Fighter on Mar 28, 2023.
             Slain by Sigmund
             ... wielding a +0 scythe of venom
              (8 damage)
             ... in the Dungeon (Sprint I: "Red Sonja").
             The game lasted 00:00:34 (87 turns).

dialectric the Trooper (Demonspawn Fighter)           Turns: 87, Time: 00:00:34

Health: 0/40       AC:  9    Str: 18    XL:     4   Next: 60%
Magic:  4/4        EV: 10    Int:  9    God:
Gold:   54         SH:  0    Dex: 13    Spells: 3/3 levels left

rFire   . . .      SeeInvis .    a - +0 long sword
rCold   . . .      Faith    .    (no shield)
rNeg    . . .      Spirit   .    b - +0 scale mail
rPois   .          Reflect  .    (no helmet)
rElec   .          Rampage  .    (no cloak)
rCorr   .          NoTele   +    (no gloves)
Will    .....                    (no boots) Stlth
                                 (no amulet)
HPRegen 0.26/turn                (no ring)
MPRegen 0.09/turn                (no ring)

@: lethally poisoned (0 -> -19)
A: thin metallic scales 1, ignite blood 1, weakness stinger 1
a: no special abilities


You were in the Dungeon.
You visited 1 branch You collected 54 gold pieces.

Inventory:

Hand Weapons
 a - a +0 long sword (weapon)
Armour
 b - a +0 scale mail (worn)
 c - a +0 buckler
Wands
 k - a wand of polymorph (6)
Scrolls
 j - a scroll of blinking
Potions
 d - a potion of might
 g - a potion of haste
 h - 2 potions of magic
 i - a potion of berserk rage


   Skills:
 + Level 5.9 Fighting
 + Level 3.8 Long Blades
 + Level 5.6 Armour
 + Level 2.0 Dodging
 - Level 2.6 Shields
 + Level 2.3 Unarmed Combat


You had 3 spell levels left.
You didn't know any spells.
Your spell library was empty.

Dungeon Overview and Level Annotations

Branches:
Dungeon (1/1)

Altars:

Annotations:
D Sigmund


Innate Abilities, Weirdness & Mutations

You are partially covered in thin metallic scales. (AC +2)
Your demonic aura sometimes causes spilled blood to erupt in flames.
You have a small tail.


Message History

The magic dart hits you but does no damage.
You closely miss something. Something hits you but does no damage.
You miss something.
Your tail-slap misses something.
Something hits you but does no damage.
You hit something.
Your tail-slap misses something.
Something hits you.
You are poisoned.
You miss something.
Your tail-slap misses something.
You feel very sick.
You miss something.
You feel sick.
You hear some strange, mumbled words.
You are confused.
You bump into the rock wall.
You feel sick. Something hits you but does no damage.
You are more poisoned.
You bump into the rock wall.
You feel sick. Something hits you!
You are lethally poisoned!
You bump into the rock wall.
* * * LOW HITPOINT WARNING * * *
You feel very sick.
Unknown command.
You feel much better.
You feel very sick. Something hits you but does no damage.
Unknown command.
You closely miss something.
You feel very sick.
You hear some strange, mumbled words.
A magic dart appears from out of thin air!
The magic dart hits you.
You miss something.
You feel very sick. Something hits you.
* * * LOW HITPOINT WARNING * * *
You are lethally poisoned!
You bump into the rock wall.
You feel less confused.
* * * LOW HITPOINT WARNING * * *
You feel very sick. Something hits you!
You die...

#############
#<.#.)'..#..+
#..)..#..@{.#
#..#####'####
#..# #..#
#..# ####
#..# #⌠⌠#
####


There were no monsters in sight!

Vanquished Creatures
  An ogre (D)
  Ijyb (D)
2 creatures vanquished.

Notes
Turn   | Place    | Note
-------+----------+-------------------------------------------
     0 | D        | dialectric the Demonspawn Fighter began the quest for the
                  | Orb.
     0 | D        | Reached XP level 1. HP: 18/18 MP: 1/1
     9 | D        | Noticed Ijyb
    42 | D        | Killed Ijyb
    43 | D        | Reached skill level 1 in Dodging
    43 | D        | Reached skill level 1 in Unarmed Combat
    43 | D        | Gained mutation: You have a small tail. [demonic ancestry]
    43 | D        | Reached XP level 2. HP: 11/26 MP: 2/2
    45 | D        | Noticed an ogre
    57 | D        | Killed an ogre
    58 | D        | Reached skill level 5 in Fighting
    58 | D        | Reached skill level 5 in Armour
    58 | D        | Gained mutation: You are partially covered in thin metallic
                  | scales. (AC +2) [demonic ancestry]
    58 | D        | Reached XP level 3. HP: 16/34 MP: 3/3
    58 | D        | Gained mutation: Your demonic aura sometimes causes spilled
                  | blood to erupt in flames. [demonic ancestry]
    58 | D        | Reached XP level 4. HP: 19/40 MP: 4/4
    72 | D        | Noticed Sigmund
    87 | D        | Slain by Sigmund

Illustrated notes

Levels and vault maps discovered:
D:        dungeon_sprint_1 [red_sonja_temple_1, red_sonja_temple_small_1]

Skill      XL: |  1  2 |
---------------+-------+-----
Fighting       | 4 5 |  5.9
Long Blades    | 2 3 |  3.8
Armour         | 4 5 |  5.6
Dodging        | 1 2 |  2.0
Unarmed Combat | 1 2 |  2.3
Shields        | |  2.6

Action                     |  1- 3 |  4- 6 || total
---------------------------+-------+-------++-------
  Melee: Unarmed           |    31 |       ||    31
         Long sword        |     5 |     8 ||    13
         Punch             |     1 |       ||     1
    Use: Potion            |       |     2 ||     2
 Armour: Skin              |     8 |       ||     8
         Scale mail        |       |     5 ||     5
  Dodge: Dodged            |    18 |       ||    18

Table legend: (Time is in decaauts)
 A = Elapsed time spent in this place.
 B = Non-inter-level travel time spent in this place.
 C = Inter-level travel time spent in this place.
 D = Time resting spent in this place.
 E = Time spent auto-exploring this place.
 F = Levels seen in this place.
 G = Mean time per level.
                   A        B        C        D        E       F      G
               +--------+--------+--------+--------+--------+-----+--------+
         Total |     89 |     89 |      0 |      0 |      0 |   1 |   89.0 |
       Dungeon |     89 |     89 |      0 |      0 |      0 |   1 |   89.0 |
               +--------+--------+--------+--------+--------+-----+--------+

Top non-repeatable levels by time:
       D: 89 daAuts
